Map: [ESL] Alcyone

Players

Oriana

  • Race: Terran Terran
  • Spawn Location: 7:00

GogojOey - Winner!

  • Race: Zerg Zerg
  • Spawn Location: 1:00

Event: ESL SC2 Masters 2023 Winter (Regional)

VOD

Have the link to the VOD?

Description

Time

  • Played on: Oct. 29, 2023, 7:57 a.m.
  • Length: 12:26

All games in this series

Show
View Real Time Build Order
Export as new Build Order

Oriana Terran 

Build Orders: Reaper Expand 

Get SALT Encoding   

  12  0:00  SCV  
  13  0:12  SCV  
  14  0:16  Supply Depot  
  14  0:24  SCV  
  15  0:38  SCV  
  15  0:41  Barracks  
  16  0:45  Refinery  
  16  0:50  SCV  
  17  1:02  SCV  
  18  1:14  SCV  
  19  1:28  Orbital Command, Reaper  
  20  1:38  Command Center  
  20  1:46  Supply Depot  
  20  1:54  SCV  
  21  2:00  Marine  
  22  2:06  SCV  
  23  2:09  Factory  
  23  2:18  SCV  
  24  2:23  Barracks Reactor  
  24  2:30  SCV  
  25  2:42  Command Center, SCV  
  26  2:54  Barracks, SCV  
  26  2:56  Orbital Command  
  27  3:06  SCV  
  28  3:13  Hellion x2  
  28  3:14  Barracks Tech Lab, Refinery  
  32  3:22  SCV x2  
  34  3:34  SCV x2  
  36  3:35  Stimpack, Marine  
  36  3:36  Hellion x2  
  42  3:48  SCV x2  
  42  3:53  Marine  
  42  3:55  Orbital Command  
  44  4:02  SCV x2  
  46  4:04  Marine x2, Starport  
  46  4:06  Factory Reactor  
  48  4:10  Supply Depot  
  48  4:15  Marine, SCV x2  
  51  4:24  Marine x2  
  51  4:25  SCV  
  51  4:27  SCV  
  51  4:30  SCV  
  56  4:37  Marine  
  57  4:38  Orbital Command  
  57  4:41  SCV  
  57  4:43  Marine x2, SCV  
  57  4:44  Supply Depot  
  61  4:47  Barracks  
  61  4:51  Medivac x2  
  65  4:53  SCV  
  65  4:55  SCV  
  66  5:02  Engineering Bay  
  66  5:03  Marine x2  
  66  5:04  Marine, Refinery  
  66  5:05  Engineering Bay  
  66  5:06  Factory Tech Lab  
  63  5:07  Supply Depot, SCV x2  
  63  5:11  SCV  
  64  5:15  Refinery  
  64  5:16  Combat Shield  
  64  5:19  SCV x2  
  66  5:21  Supply Depot  
  66  5:24  SCV  
  66  5:25  Marine x3  
  70  5:30  Supply Depot  
  70  5:31  SCV  
  70  5:34  Terran Infantry Weapons Level 1, SCV  
  72  5:36  Starport Reactor  
  72  5:38  Barracks  
  72  5:39  Barracks  
  72  5:44  SCV x2  
  72  5:46  Terran Infantry Armor Level 1  
  72  5:47  SCV  
  72  5:49  Marine x2  
  78  5:51  Siege Tank, Marine  
  78  5:56  SCV  
  82  5:57  SCV  
  82  5:59  Orbital Command, SCV  
  82  6:00  Marine  
  82  6:01  Supply Depot x2  
  82  6:02  Orbital Command  
  85  6:08  Orbital Command  
  85  6:10  Marine  
  82  6:17  Marine x2  
  75  6:27  SCV  
  76  6:38  Barracks Reactor x2  
  76  6:39  SCV  
  77  6:40  SCV x2  
  79  6:51  SCV, Marine x5  
  79  6:52  Siege Tank, SCV  
  89  6:58  Armory  
  89  7:01  Supply Depot, Medivac  
  91  7:03  Medivac  
  91  7:04  SCV x2  
  92  7:09  Marine  
  92  7:12  SCV  
  92  7:13  Marine x4  
  92  7:14  Marine x4  
  99  7:16  SCV x2  
  99  7:20  Supply Depot  
  99  7:21  Supply Depot  
  101  7:24  SCV  
  101  7:25  Siege Tank  
  101  7:28  SCV  
  101  7:29  Marine  
  107  7:32  Marine x2  
  107  7:33  Marine  
  107  7:36  Marine x2  
  107  7:37  Marine x3  
  112  7:38  SCV x2  
  112  7:40  SCV  
  118  7:44  Supply Depot  
  118  7:46  Supply Depot  
  117  7:51  Refinery  
  117  7:52  Factory  
  117  7:53  Terran Infantry Weapons Level 2, Marine  
  117  7:55  Command Center  
  118  8:00  Widow Mine  
  118  8:01  Drilling Claws  
  118  8:04  SCV x3  
  120  8:14  Terran Infantry Armor Level 2  
  120  8:16  SCV  
  120  8:17  SCV x2  
  123  8:20  Marine x2  
  123  8:21  Marine x2  
  123  8:22  Marine x5  
  123  8:24  Widow Mine  
  134  8:28  SCV  
  134  8:29  SCV x2  
  137  8:36  Factory Reactor, Supply Depot  
  137  8:37  Supply Depot  
  137  8:38  Marine  
  137  8:41  Marine x6  
  138  8:42  Marine x2  
  138  8:45  Widow Mine  
  148  8:48  SCV x2  
  148  8:49  SCV  
  148  8:54  Barracks  
  148  8:55  Barracks  
  151  8:56  Barracks, Medivac x2  
  135  9:03  Marine x3  
  135  9:08  Marine x4  
  135  9:09  Marine x2  
  143  9:13  Widow Mine  
  143  9:14  Widow Mine x2  
  143  9:16  SCV x3  
  152  9:21  Marine x3  
  155  9:26  Marine x2  
  155  9:29  SCV x3  
  160  9:33  Marine x4  
  160  9:36  Medivac, Widow Mine x3  
  160  9:37  Sensor Tower  
  172  9:41  SCV  
  172  9:42  Planetary Fortress, Supply Depot  
  172  9:44  Barracks Tech Lab x2  
  173  9:49  Barracks Tech Lab  
  173  9:51  Marine  
  174  10:04  Marine x4  
  172  10:07  Widow Mine x2  
  163  10:15  Marauder, Marine x4  
  163  10:16  Marauder x2  
  163  10:19  Marine  
  157  10:22  Widow Mine, Medivac x2  
  157  10:28  Command Center  
  163  10:30  Supply Depot, Marine x3  
  163  10:31  Widow Mine x2, Concussive Shells  
  170  10:37  Marauder  
  172  10:45  Marine x3  
  172  10:46  Marine x2  
  172  10:47  Marauder x3  
  172  10:49  Widow Mine  
  180  10:53  Marine x3  
  157  10:58  Marine  
  157  11:03  Widow Mine x2, Marine x2  
  143  11:07  SCV x3  
  143  11:08  Marine x2, Marauder x2  
  143  11:11  Marine  
  138  11:14  Marauder, Marine x2  
  133  11:21  Widow Mine  
  133  11:25  Marine x2  
  133  11:26  Marine  
  133  11:29  Marauder  
  133  11:30  Marauder  
  122  11:36  Marauder  
  122  11:38  SCV x3  
  122  11:51  Marauder  
  122  11:52  Marauder, Marine x2  
  122  11:57  Marauder  
  123  12:02  Marine, Widow Mine x3  
Show
View Real Time Build Order
Export as new Build Order

GogojOey Zerg - Winner!

Build Orders: Hatch First 

Get SALT Encoding   

  12  0:00  Drone  
  13  0:12  Overlord  
  13  0:17  Drone  
  14  0:30  Drone x2  
  16  0:49  Hatchery  
  15  0:51  Drone  
  15  0:55  Drone  
  17  0:58  Drone  
  18  1:09  Extractor  
  17  1:13  Spawning Pool  
  17  1:16  Drone  
  17  1:19  Drone  
  18  1:28  Drone  
  19  1:39  Drone  
  20  1:50  Drone  
  21  2:01  Queen x2  
  21  2:02  Zergling x4  
  27  2:10  Overlord  
  27  2:18  Hatchery  
  27  2:21  Drone  
  27  2:25  Drone  
  27  2:30  Drone  
  27  2:35  Drone x2  
  30  2:40  Queen  
  32  2:45  Overlord  
  32  2:48  Drone  
  33  2:54  Drone, Metabolic Boost  
  33  2:57  Drone  
  35  3:01  Spore Crawler  
  34  3:07  Drone  
  34  3:08  Drone  
  34  3:11  Queen  
  34  3:12  Drone  
  40  3:15  Overlord  
  40  3:17  Drone  
  41  3:21  Drone x2  
  44  3:34  Drone x3  
  44  3:35  Queen  
  44  3:36  Queen  
  50  3:43  Drone x3  
  53  3:50  Drone x2  
  53  3:52  Overlord  
  53  3:54  Drone x2  
  57  3:58  Overlord  
  57  4:10  Overlord  
  57  4:11  Drone  
  57  4:12  Queen  
  57  4:13  Zergling x6  
  57  4:14  Drone x2  
  57  4:16  Overlord  
  65  4:20  Drone x2  
  67  4:26  Drone x6  
  67  4:27  Queen  
  67  4:30  Drone  
  76  4:34  Extractor  
  76  4:36  Evolution Chamber  
  74  4:38  Drone, Evolution Chamber  
  74  4:39  Drone  
  74  4:40  Drone  
  76  4:47  Drone x2  
  78  4:53  Drone, Extractor x2  
  78  4:54  Zergling x2  
  78  5:02  Drone x5  
  78  5:03  Drone  
  82  5:07  Zerg Melee Weapons Level 1, Zerg Ground Armor Level 1, Hatchery  
  82  5:08  Drone  
  82  5:09  Overlord x2  
  82  5:16  Overlord  
  82  5:22  Lair, Overlord  
  82  5:28  Zergling x4  
  82  5:29  Zergling x12  
  90  5:38  Overlord x2  
  91  5:42  Drone  
  91  5:44  Zergling x10  
  91  5:48  Hatchery  
  91  5:49  Drone, Baneling Nest  
  95  5:54  Zergling x4  
  95  5:55  Queen  
  99  5:58  Zergling x6  
  99  6:01  Zergling x2  
  103  6:09  Zergling x14  
  108  6:16  Zergling x4, Hatchery  
  108  6:23  Drone x4  
  106  6:27  Drone  
  106  6:28  Drone x2  
  109  6:33  Drone x4, Queen  
  109  6:35  Drone x4, Spore Crawler  
  109  6:36  Spore Crawler  
  109  6:37  Spore Crawler  
  109  6:38  Centrifugal Hooks  
  116  6:40  Infestation Pit  
  116  6:41  Baneling x2  
  116  6:42  Baneling x2  
  116  6:43  Drone  
  116  6:45  Drone x2  
  118  6:48  Drone  
  118  6:49  Drone  
  118  6:50  Drone x2  
  122  6:55  Overlord x2  
  122  6:56  Drone x2  
  123  7:02  Overlord  
  123  7:07  Zergling x16  
  129  7:08  Baneling x2  
  129  7:09  Baneling x4  
  129  7:12  Baneling x3  
  129  7:13  Zergling x2  
  129  7:14  Zergling x8  
  126  7:19  Hive  
  126  7:20  Zerg Ground Armor Level 2  
  126  7:23  Zerg Melee Weapons Level 2  
  126  7:30  Zergling x16  
  126  7:31  Zergling x2  
  126  7:32  Spore Crawler  
  126  7:35  Baneling  
  126  7:36  Baneling x6  
  133  7:50  Drone  
  134  7:52  Zergling x32  
  134  7:55  Drone x3  
  152  8:00  Drone x3  
  152  8:01  Spore Crawler, Hatchery  
  152  8:02  Zergling x10  
  154  8:15  Overlord x3  
  154  8:16  Overlord x2  
  154  8:19  Zergling x18  
  163  8:26  Spine Crawler  
  162  8:31  Overlord  
  162  8:36  Baneling x3  
  162  8:37  Overseer, Baneling x6  
  162  8:38  Pneumatized Carapace  
  162  8:40  Overseer  
  162  8:45  Adrenal Glands  
  162  8:46  Zergling x2  
  162  8:47  Zergling x32, Ultralisk Cavern  
  174  8:55  Drone x3  
  167  9:02  Zergling x2  
  167  9:03  Zergling x30  
  167  9:08  Extractor  
  167  9:09  Unknown  
  177  9:14  Drone x3  
  177  9:15  Zergling x18  
  189  9:18  Overseer  
  189  9:23  Drone  
  190  9:33  Hatchery  
  190  9:35  Drone x3  
  190  9:37  Chitinous Plating  
  192  9:46  Zergling x16  
  197  10:00  Baneling x11  
  169  10:14  Queen  
  169  10:21  Zergling x26, Ultralisk x4  
  191  10:25  Zergling x2  
  191  10:26  Overseer  
  200  10:31  Extractor  
  199  10:36  Baneling  
  199  10:45  Zergling x20  
  199  10:47  Baneling x8  
  190  10:55  Anabolic Synthesis  
  163  10:58  Zergling x2, Ultralisk  
  163  10:59  Zergling x28  
  164  11:08  Zergling x36  
  164  11:09  Zergling x2  
  172  11:12  Drone  
  172  11:15  Drone x3  
  172  11:16  Zergling x2  
  172  11:17  Zergling x16  
  180  11:32  Zergling x8, Ultralisk x2  
  192  11:33  Zergling x16  
  192  11:35  Baneling x11  
  188  11:40  Extractor, Overlord  
  188  11:42  Zergling x10  
  187  11:50  Zergling x16  
  187  11:53  Overseer x2  
  166  11:55  Baneling x12  
  166  11:58  Zergling x24  
  176  12:03  Zergling x2  
  176  12:04  Zergling x8  
  176  12:05  Overseer  
Tags
 
Add a new tag
Caveats
  • Supply blocks, unpowered buildings, or Contaminate may cause inaccurate times.
  • Supply counts are checked every 10 seconds.